[Event "*** Titled Tuesday Blitz"]
[Site "Chess.com"]
[Date "2020.01.07"]
[Round "7"]
[White "ChainsOfFantasia"]
[Black "Proteuo"]
[Result "1/2-1/2"]
[WhiteElo "2506"]
[BlackElo "2352"]
[TimeControl "180+2"]
[EndTime "14:37:50 PST"]
[Termination "Game drawn - insufficient material"]

1. d4 Nf6 2. Nf3 d5 3. c4 c6 4.
Nc3 e6 5. g3 Be7 6. Bg2 O-O 7.
O-O Nbd7 8. Qd3 b6 9. e4 dxe4 10. Nxe4 Bb7 11. Rd1 c5 12. Nc3 cxd4 13. Qxd4 Nc5 14.
Bf4 Qxd4 15. Nxd4 Bxg2 16. Kxg2 Rac8 17. b3 Nh5 18. Be3 Rfd8 19. Ndb5 a6 20. Nd4 g6 21. g4 Ng7 22. Rac1 h5 23. h3 hxg4 24. hxg4 Ne8 25. Nde2 Rxd1 26. Rxd1 Rd8 27. Rxd8 Bxd8 28. Bxc5 bxc5 29. Na4 Be7 30. Nf4 Nf6 31. Nd3 Nd7 32. Kf3 f5 33. gxf5 gxf5 34. Nc3 Kf7 35. Ke3 Kf6 36.
f4 Bd6 37. Ne2 Nb8 38. Ng1 Nc6 39. Nf3 e5 40. fxe5+ Nxe5 41. Nfxe5 Bxe5 42. Nxc5 a5 43. Nd3 Bc3 44. Nf4 Ke5 45. Nd5 Bd4+ 46. Kd3 Bc5 47.
Ne3 f4 48. Nf1 f3 49. Nd2 f2 50. Ke2 Kf4 51. Nb1 Bd4 52. Na3 Kg3 53. Kf1 Kf3 54. Nc2 Bc5 55. a3 Ke4 56. b4 axb4 57. axb4 Bxb4 58. Kxf2 Kd3 59. Nxb4+ Kxc4 1/2-1/2

[Event "*** Titled Tuesday Blitz"]
[Site "Chess.com"]
[Date "2020.01.07"]
[Round "7"]
[White "Blagorod"]
[Black "adriangschnitzer"]
[Result "1-0"]
[WhiteElo "2134"]
[BlackElo "2503"]
[TimeControl "180+2"]
[EndTime "14:37:50 PST"]
[Termination "Blagorod won by resignation"]

1. e4 c6 2. d4 d5 3. exd5 cxd5 4.
Bd3 Nc6 5. c3 g6 6. Ne2 Bg7 7.
O-O Nf6 8. Bf4 Bf5 9. Ng3 e6 10. Nxf5 gxf5 11. Nd2 O-O 12. Nf3 Ne4 13. Ne5 Nxe5 14.
dxe5 Kh8 15. Qe2 Rg8 16. f3 Nc5 17. Bc2 Rc8 18. Qf2 Qc7 19. Rfe1 Nd7 20. Qxa7 Nxe5 21. Qf2 f6 22. Kh1 Bf8 23. Re2 Bc5 24. Qf1 d4 25.
Rae1 d3 26. Bxd3 Qb6 27. Bb1 Rg6 28. Bxe5 fxe5 29. Rxe5 Rcg8 30. R5e2 e5 31. g4 fxg4 32. Bxg6 gxf3 33. Qxf3 Rxg6 34. Rg2 Rxg2 35. Qxg2 Qf6 36. Rf1 Qe7 37. b4 Bd6 38. Rg1 Qf7 39. Rf1 Qe7 40. Qf3 e4 41. Qf6+ Qxf6 42. Rxf6 Be5 43. Re6 Bxc3 44.
Rxe4 b6 45. Kg2 Kg7 46. Kf3 Kf6 47. Rc4 Bd2 48. Rc6+ Ke5 49. Rxb6 Kd4 50. Rb7 h6 51. a4 Kc4 52. a5 Kd5 53. Rd7+ Kc6 54. Rxd2 Kb5 55. Rb2 Ka6 56. Kg4 h5+ 57. Kxh5 Kb5 58. Kg6 Ka6 59. h4 Kb5 60. h5 Ka6 61. h6 1-0

[Event "*** Titled Tuesday Blitz"]
[Site "Chess.com"]
[Date "2020.01.07"]
[Round "7"]
[White "Chessalary"]
[Black "otrov-11"]
[Result "1-0"]
[WhiteElo "2109"]
[BlackElo "2416"]
[TimeControl "180+2"]
[EndTime "14:37:52 PST"]
[Termination "Chessalary won by resignation"]

1. e4 e6 2. d4 d5 3. Nd2 c5 4.
exd5 Qxd5 5. Ngf3 cxd4 6. Bc4 Qd6 7. O-O Nf6 8. Nb3 Nc6 9. Nbxd4 Nxd4 10. Nxd4 Qc7 11.
Bb3 Bd7 12. Re1 Bc5 13. Nf3 O-O 14. Be3 Rad8 15. Bxc5 Qxc5 16. Qe2 Bb5 17. c4 Bc6 18. Rad1 Qh5 19. Nd4 Qxe2 20. Nxe2 e5 21. Nc3 Rxd1 22. Rxd1 Re8 23. Bc2 Kf8 24. b4 a6 25. a4 Rc8 26.
b5 axb5 27. axb5 Bd7 28. Bb3 Be6 29. Nd5 Bxd5 30. cxd5 Rc3 31. Ba2 Rc2 32. Bb3 Rb2 33.
Bc4 Rb4 34. Be2 Rd4 35. Rxd4 exd4 36. Bf3 b6 37. Kf1 Ke7 38. Ke2 Kd6 39. Kd3 Kc5 40.
d6 Nd7 41. Ke4 g6 42. g4 f5+ 43. gxf5 gxf5+ 44. Kxf5 Kxd6 45. Ke4 Kc5 46. Be2 Nf6+ 47. Ke5 Nd5 48. f4 Nc3 49. f5 Nxe2 50. f6 d3 51. f7 d2 52. f8=Q+ Kc4 53. Qf1 Kd3 54. Qf3+ Kc2 55. Qxe2 Kc1 56. Qc4+ Kb2 57. Qd3 Kc1 58. Qc3+ Kd1 59. Kd6 Ke2 60. Qc2 Ke3 61. Qd1 1-0

[Event "*** Titled Tuesday Blitz"]
[Site "Chess.com"]
[Date "2020.01.07"]
[Round "7"]
[White "AndrewMaco"]
[Black "vugarrasulov"]
[Result "1-0"]
[WhiteElo "2640"]
[BlackElo "2828"]
[TimeControl "180+2"]
[EndTime "14:37:54 PST"]
[Termination "AndrewMaco won by resignation"]

1. e4 c5 2. Nf3 d6 3. d4 cxd4 4. Nxd4 Nf6 5. Nc3 a6 6. f3 e5 7. Nb3 Be6 8. Be3 Nbd7 9. Qd2 Rc8 10. O-O-O b5 11. g4 Be7 12. g5 Nh5 13. Rg1 O-O 14.
Kb1 Nb6 15. Na5 Nf4 16. Bxf4 exf4 17. Nd5 Nxd5 18. exd5 Bd7 19. h4 Re8 20. Bd3 g6 21. Be4 Bf8 22. Nc6 Qb6 23. Qxf4 Qc5 24. Qd2 Bg7 25.
h5 b4 26. Nxb4 Qb6 27. c3 Rc5 28. Ka1 Rxc3 29. Nd3 Rc4 30. hxg6 hxg6 31. Rh1 Rec8 32. Rh2 Ba4 33. Rb1 Rc2 34. Qf4 Qd4 35. Rxc2 Bxc2 36. Rc1 Qb6 37. Qd2 Qd4 38. Rxc2 Rb8 39. Kb1 a5 40. a3 a4 41. Ka2 Qg1 42. Qc1 Qd4 43.
Rc3 Kh7 44. Rc4 Qb6 45. Qc2 Qb5 46. Rxa4 Re8 47. Rc4 Qb6 48. Rc6 Qd4 49. Rxd6 Re7 50. Rc6 Re8 51. Rc7 Kg8 52. Qc4 Qb6 53. d6 Rf8 54.
Bxg6 Qxd6 55. Bxf7+ Kh7 56. Qh4+ 1-0

[Event "*** Titled Tuesday Blitz"]
[Site "Chess.com"]
[Date "2020.01.07"]
[Round "7"]
[White "chessking2151"]
[Black "Lukianoo"]
[Result "1-0"]
[WhiteElo "2630"]
[BlackElo "2785"]
[TimeControl "180+2"]
[EndTime "14:37:55 PST"]
[Termination "chessking2151 won by resignation"]

1. d4 Nf6 2. c4 e6 3. Nf3 Bb4+ 4. Nbd2 b6 5. a3 Bxd2+ 6. Qxd2 Bb7 7. b3 O-O 8. Bb2 d6 9. g3 Nbd7 10. Bg2 a5 11. O-O Qc8 12. Qf4 Be4 13. Bh3 Qb7 14.
Nd2 Bc6 15. Rfe1 Rfe8 16. Qh4 b5 17. Rab1 Nf8 18. d5 exd5 19. Bxf6 Ng6 20. Qd4 gxf6 21. Qxf6 b4 22. a4 Qb8 23. Rbc1 Bb7 24. Bf5 c5 25. cxd5 Bxd5 26. Nc4 Bxc4 27. Rxc4 Qd8 28. Qb2 Qg5 29. Bb1 Ne5 30. Re4 d5 31. f4 dxe4 32. fxg5 Ng4 33.
h3 Ne3 34. Qc1 Nd5 35. Qxc5 Nc3 36. Qe3 Rad8 37. Bc2 Rc8 38. h4 Re5 39. Qf4 Rce8 40. e3 R5e6 41. Kg2 Rd8 42. Rf1 Rd2+ 43. Rf2 Rxf2+ 44.
Qxf2 Rd6 45. h5 Rd5 46. g4 Rxg5 47. Kh3 f5 48. gxf5 Rxh5+ 49. Kg4 Rh6 50. f6 Kf7 51. Qf5 Rg6+ 52. Kh3 Rxf6 53. Qxh7+ Ke6 54. Bxe4 Kd6 55. Bg2 Re6 56. Qd3+ Ke7 57. e4 Rd6 58.
Qe3 Ke6 59. Kh2 Ke5 60. Qg3+ Ke6 61. Bh3+ Ke7 62. Qe5+ 1-0

[Event "*** Titled Tuesday Blitz"]
[Site "Chess.com"]
[Date "2020.01.07"]
[Round "7"]
[White "Zq1"]
[Black "Sven_Tica"]
[Result "0-1"]
[WhiteElo "2518"]
[BlackElo "2666"]
[TimeControl "180+2"]
[EndTime "14:38:02 PST"]
[Termination "Sven_Tica won by resignation"]

1. d4 d5 2. c4 e6 3. Nc3 Nf6 4. Nf3 Nbd7 5. e3 a6 6. a3 dxc4 7. Bxc4 b5 8. Ba2 Bb7 9. O-O Bd6 10. Qe2 O-O 11. e4 e5 12. dxe5 Nxe5 13. Nxe5 Bxe5 14. f3 c5 15. Be3 Qe7 16. Rad1 Rfd8 17. Qf2 c4 18. Bb1 Rxd1 19. Rxd1 Rd8 20. Rxd8+ Qxd8 21. h3 h6 22. Qd2 Qc7 23. Kf2 Nd7 24. f4 Bxc3 25. Qxc3 Nf6 26. Qd4 Qe7 27. e5 Nd5 28. Be4 Nxe3 29. Kxe3 Bxe4 30. Qxe4 c3 31. bxc3 Qxa3 32.
Qb4 Qc1+ 33. Kf2 Qd2+ 34. Kf3 Qd3+ 35. Kf2 h5 36. Qd4 Qc2+ 37. Kg3 Qf5 38. Kf3 g5 39. g3 gxf4 40. gxf4 Qxh3+ 41. Kf2 Qh4+ 42. Kf3 Qg4+ 43.
Kf2 h4 44. Qd8+ Kh7 45. Qf6 Qh5 46. f5 h3 47. e6 fxe6 48. Qe7+ Kh6 49. Qf6+ Kh7 50.
Qe7+ Kg8 51. Qd8+ Kg7 52. Qe7+ Qf7 53. Qg5+ Kh7 54. Qh4+ Kg8 55. Qd8+ Qf8 56. Qg5+ Kf7 57. Qg6+ Ke7 58. Qxe6+ Kd8 59. f6 Qc5+ 60. Kg3 Qc7+ 61. Kf2 Qc5+ 62. Ke1 Qxc3+ 63. Ke2 Qc4+ 0-1

[Event "*** Titled Tuesday Blitz"]
[Site "Chess.com"]
[Date "2020.01.07"]
[Round "7"]
[White "PawnEatingZombie"]
[Black "wadsy27"]
[Result "0-1"]
[WhiteElo "2291"]
[BlackElo "2468"]
[TimeControl "180+2"]
[EndTime "14:38:05 PST"]
[Termination "wadsy27 won by resignation"]

1. d4 Nf6 2. c4 c5 3. d5 e6 4.
Nc3 exd5 5. cxd5 d6 6. e4 g6 7. Bd3 Bg7 8. h3 O-O 9. Nf3 Nh5 10. O-O a6 11. a4 Nd7 12. Be3 Ne5 13. Be2 Nxf3+ 14.
Bxf3 Nf6 15. Re1 Qe7 16. Bf4 Nd7 17. Be2 Rb8 18. Bf1 Ne5 19. Bg3 g5 20. Qd2 h5 21.
f4 gxf4 22. Bxf4 Ng6 23. Bh6 Bd4+ 24. Kh1 Re8 25. Bd3 Be5 26. Rf1 Qh4 27. Qf2 Qxf2 28. Rxf2 Bg3 29. Rf3 h4 30. Raf1 Ne5 31. Re3 c4 32.
Be2 b5 33. axb5 axb5 34. Bf4 b4 35. Bxg3 hxg3 36. Rxg3+ Kf8 37. Nd1 c3 38. bxc3 b3 39. Nb2 Bd7 40. c4 Rec8 41. Rc1 Rb4 42. Rcc3 Rcb8 43. Bd1 Ba4 44. Nxa4 Rxa4 45. Bxb3 Ra1+ 46. Kh2 Re1 47. Bc2 Rc8 48. Bd3 Nxd3 49. Rgxd3 Rxe4 50. c5 Rxc5 51. Rxc5 dxc5 52. d6 Ke8 53. Rd5 c4 54.
Rc5 Kd7 55. Rc7+ Kxd6 56. Rxf7 c3 57. Rf1 Kd5 58. g4 Kd4 59. Kg3 Kd3 60. Rc1 Kd2 61. Rxc3 Kxc3 62. g5 Kd4 63. h4 Ke5 64. h5 Kf5 65. g6 Kf6 66. Kf3 Ra4 0-1

[Event "*** Titled Tuesday Blitz"]
[Site "Chess.com"]
[Date "2020.01.07"]
[Round "7"]
[White "Ginzburg_Yakov"]
[Black "JustaTrickstar"]
[Result "0-1"]
[WhiteElo "2570"]
[BlackElo "2743"]
[TimeControl "180+2"]
[EndTime "14:38:07 PST"]
[Termination "JustaTrickstar won on time"]

1. e4 d6 2. d4 Nf6 3. Nc3 g6 4. g3 Bg7 5. Bg2 O-O 6. Nge2 e5 7. O-O c6 8. a4 a5 9. h3 Na6 10.
Be3 Nb4 11. Na2 Nxa2 12. Rxa2 Be6 13. d5 Bd7 14. Nc3 cxd5 15. Nxd5 Nxd5 16. exd5 f5 17. f4 exf4 18. gxf4 Re8 19. Bf2 Qc7 20. Qd3 Rac8 21. b3 Qc3 22. Qxc3 Bxc3 23. Bf3 h6 24. h4 Kf7 25. Bb6 Kf6 26. Kf2 g5 27. hxg5+ hxg5 28. fxg5+ Kxg5 29. Be3+ Kf6 30. Bf4 Bd4+ 31. Kg2 Rg8+ 32.
Kh1 Rh8+ 33. Bh2 Rc3 34. Kg2 Be5 35. Bxe5+ dxe5 36. Rb2 Kg5 37. b4 axb4 38. Rxb4 Rxc2+ 39. Rf2 Rh2+ 40. Kxh2 Rxf2+ 41. Kg3 Ra2 42. Bh1 f4+ 43. Kf3 Bg4+ 44. Ke4 Re2+ 45. Kd3 f3 46. Bxf3 Bxf3 47. d6 Re1 48. Rb6 Kf4 49. Rb4+ e4+ 50. Kd4 Rd1+ 51.
Kc5 Ke5 52. Rxb7 Rd5+ 53. Kc4 Rxd6 54. a5 Rc6+ 55. Kb5 e3 0-1

[Event "*** Titled Tuesday Blitz"]
[Site "Chess.com"]
[Date "2020.01.07"]
[Round "7"]
[White "BeanScreen"]
[Black "chessbia"]
[Result "1/2-1/2"]
[WhiteElo "2385"]
[BlackElo "2194"]
[TimeControl "180+2"]
[EndTime "14:38:08 PST"]
[Termination "Game drawn - insufficient material"]

1. e4 c5 2. Nf3 d6 3. d4 cxd4 4.
Nxd4 Nf6 5. Nc3 a6 6. Be3 e5 7. Nb3 Be6 8. h3 Be7 9. f4 exf4 10. Bxf4 Nc6 11. Qe2 Ne5 12. O-O-O Qc7 13. g4 h6 14.
Kb1 b5 15. Nd5 Bxd5 16. exd5 O-O 17. Bxe5 dxe5 18. h4 a5 19. g5 Nh7 20. gxh6 a4 21.
Qg2 g6 22. Nc1 a3 23. Bd3 Bf6 24. h5 axb2 25. hxg6 bxc1=Q+ 26. Rxc1 fxg6 27. Qxg6+ Kh8 28. Rcf1 Qa7 29. Kc1 Qe3+ 30. Kb1 e4 31. Rxf6 Qa7 32. Rxf8+ Nxf8 33. Qf6+ Kg8 34. Qg5+ Kh8 35. Qe5+ Kg8 36. h7+ Nxh7 37. Bxe4 Qxa2+ 38. Kc1 Qa1+ 39. Qxa1 Rxa1+ 40. Kd2 Rxh1 41. Bxh1 Kf7 42. Kc3 Nf6 43. Kb4 Ke7 44.
Kxb5 Kd6 45. c4 Nd7 46. Bg2 Nc5 47. Kb6 Nd3 48. Bf3 Nc5 49. Bg4 Nb3 50. Bf5 Nc5 51. Kb5 Nb7 52. Kb4 Nc5 53. Bc8 Nd3+ 54. Kc3 Nc5 55. Bf5 Nb7 56. Kd4 Nc5 57. Bc2 Nd7 58. Kc3 Kc5 59. Bf5 Ne5 60. Bd3 Nd7 61. Be2 Ne5 62.
Kb3 Nd7 63. Ka4 Nb6+ 64. Ka5 Nxd5 65. cxd5 Kxd5 1/2-1/2

[Event "*** Titled Tuesday Blitz"]
[Site "Chess.com"]
[Date "2020.01.07"]
[Round "7"]
[White "MatthewG-p4p"]
[Black "IMUltimateBeast"]
[Result "0-1"]
[WhiteElo "2834"]
[BlackElo "2653"]
[TimeControl "180+2"]
[EndTime "14:38:09 PST"]
[Termination "IMUltimateBeast won by checkmate"]

1. e3 d5 2. Nf3 Nf6 3. b3 Bf5 4. Bb2 e6 5. g3 c6 6. Bg2 h6 7.
O-O Nbd7 8. Re1 a5 9. a3 Be7 10. d3 O-O 11. Nbd2 Bh7 12. Qe2 Re8 13. e4 dxe4 14.
dxe4 Qc7 15. Nd4 e5 16. Nf5 Bc5 17. h3 Rad8 18. Rad1 Bf8 19. Qe3 Bc5 20. Qf3 Bf8 21. Nc4 b5 22. Nce3 g6 23. Nh4 Bg7 24. Kh2 Nc5 25.
Ng4 Nxg4+ 26. Qxg4 Ne6 27. c3 Nc5 28. Bc1 Nxb3 29.
Be3 a4 30. Nf5 gxf5 31. exf5 Kh8 32. Qh4 Rxd1 33. Rxd1 f6 34. Bxh6 Rd8 35. Rxd8+ Qxd8 36. Be3 Na5 37. g4 Qd3 38. Bc5 Nb7 39. Be7 Qc4 40. Bxf6 Qf4+ 41. Kg1 Qc1+ 42. Bf1 Nd6 43. Bxg7+ Kxg7 44.
Qe7+ Nf7 45. Qc5 Qg5 46. Bd3 Qf6 47. Be4 Ng5 48. Bg2 e4 49. Qa7+ Kh8 50. Qb8+ Kg7 51. Qc7+ Kh8 52. Qb8+ Bg8 53. h4 Nf3+ 54. Bxf3 exf3 55.
Qf4 Bf7 56. g5 Qxc3 57. g6 Qe1+ 58. Kh2 Qxf2+ 59. Kh3 Qg2# 0-1

[Event "*** Titled Tuesday Blitz"]
[Site "Chess.com"]
[Date "2020.01.07"]
[Round "7"]
[White "maciek_92"]
[Black "Kirill_Klukin"]
[Result "1-0"]
[WhiteElo "2819"]
[BlackElo "2669"]
[TimeControl "180+2"]
[EndTime "14:38:13 PST"]
[Termination "maciek_92 won by checkmate"]

1. e4 c5 2. Nf3 Nc6 3. d4 cxd4 4. Nxd4 e5 5. Nb5 d6 6. N1c3 a6 7. Na3 Be7 8. Nc4 b5 9. Ne3 Nf6 10. g3 h5 11. a4 b4 12. Ncd5 h4 13. Nxf6+ Bxf6 14. Bg2 h3 15. Bf3 Nd4 16. O-O Bb7 17. Bh1 Rc8 18. a5 Qc7 19. Bd2 Qc5 20. c3 bxc3 21. Bxc3 O-O 22. Qh5 g6 23. Qg4 Qb5 24.
Rfe1 Rc7 25. Rad1 Bc8 26. Nf5 Bg7 27. Qxh3 gxf5 28. exf5 Bxf5 29. Qh5 Bg6 30. Qg4 Rfc8 31. h4 Bf5 32. Qg5 Bc2 33. Rd2 Ne6 34. Qg4 Rc4 35. Qe2 Nd4 36. Qg4 Bh7 37. Qg5 Kh8 38. h5 Ne6 39.
Qe3 Qc5 40. h6 Bf6 41. Qf3 Bg5 42. Rd5 Qc7 43. Qh5 Bf6 44. Red1 Nd4 45. Bxd4 Rxd4 46.
Qf3 Qe7 47. Qe2 Rxd5 48. Bxd5 Bg6 49. Qxa6 Rb8 50. Qc4 e4 51. a6 e3 52. Re1 exf2+ 53. Kxf2 Qa7+ 54. Kf3 Kh7 55. Qf4 Be5 56. Qc4 Rxb2 57.
Be4 Qf2+ 58. Kg4 Qxe1 59. Qxf7+ Kh8 60. Qe8+ Kh7 61. Qxg6+ Kh8 62. Qh7# 1-0

[Event "*** Titled Tuesday Blitz"]
[Site "Chess.com"]
[Date "2020.01.07"]
[Round "7"]
[White "INLOVEWITHF"]
[Black "tomozupan"]
[Result "1/2-1/2"]
[WhiteElo "2416"]
[BlackElo "2201"]
[TimeControl "180+2"]
[EndTime "14:38:14 PST"]
[Termination "Game drawn by stalemate"]

1. e4 e5 2. Nf3 Nc6 3. d4 exd4 4. Nxd4 Bc5 5. Be3 Qf6 6. c3 Nge7 7. Bb5 a6 8. Ba4 b5 9. Bc2 Bb7 10. O-O d6 11. a4 b4 12. Nxc6 Nxc6 13. Bxc5 dxc5 14. Qd5 Qd6 15. Qh5 Qe5 16. Qh4 O-O 17. f4 Qe7 18. Qh5 c4 19. e5 g6 20. Qe2 Na5 21.
Nd2 Qc5+ 22. Qf2 Qxf2+ 23. Kxf2 Rad8 24. Ke3 bxc3 25. bxc3 Bxg2 26. Rg1 Bd5 27. h4 f6 28. h5 fxe5 29. fxe5 Bf7 30. hxg6 Bxg6 31. Bxg6 hxg6 32. Rxg6+ Kf7 33. Rf6+ Ke7 34. Rxa6 Rd3+ 35. Ke2 Rxd2+ 36.
Kxd2 Nb3+ 37. Kc2 Nxa1+ 38. Kb2 Nb3 39. Rc6 Nd2 40. Rxc7+ Ke6 41. a5 Kxe5 42. Kc2 Rf2 43. a6 Kd5 44. Rd7+ Kc5 45. Rxd2 Rf6 46. Rh2 Rxa6 47. Rh5+ Kb6 48. Kd2 Kc7 49. Ke3 Rd6 50.
Rc5+ Rc6 51. Rb5 Rd6 52. Rc5+ Rc6 53. Rxc6+ Kxc6 54. Kd4 Kd6 55. Kxc4 Kc6 56. Kd4 Kd6 57. c4 Kc6 58. c5 Kc7 59. Kc4 Kc6 60. Kb4 Kc7 61.
Kb5 Kb7 62. c6+ Kc7 63. Kc5 Kc8 64. Kd5 Kc7 65. Kc5 Kc8 66. Kb6 Kb8 67. Kc5 Kc7 68.
Kd5 Kc8 69. Kd6 Kd8 70. Ke5 Kc7 71. Kd5 Kc8 72. Kd6 Kd8 73. c7+ Kc8 74. Kc6 1/2-1/2

[Event "*** Titled Tuesday Blitz"]
[Site "Chess.com"]
[Date "2020.01.07"]
[Round "7"]
[White "FelixJoseYnojosa"]
[Black "Indianlad"]
[Result "0-1"]
[WhiteElo "2664"]
[BlackElo "2912"]
[TimeControl "180+2"]
[EndTime "14:38:18 PST"]
[Termination "Indianlad won on time"]

1. e4 e5 2. Nf3 Nc6 3. Bc4 Bc5 4. d3 Nf6 5. Nc3 d6 6. Bg5 h6 7. Bxf6 Qxf6 8. Nd5 Qd8 9. c3 Ne7 10. d4 exd4 11.
cxd4 Nxd5 12. dxc5 Nf4 13. g3 Ng6 14. cxd6 O-O 15.
O-O Bg4 16. Be2 cxd6 17. Nd4 Bh3 18. Re1 Qf6 19. f4 Rac8 20. Qd2 Rfe8 21. Bf3 Rc4 22. Nb5 d5 23. Nc3 dxe4 24. Nxe4 Qb6+ 25. Qf2 Re6 26.
Qxb6 Rxb6 27. Nf2 Be6 28. Re2 Ne7 29. Rd2 g5 30. fxg5 hxg5 31. Ne4 g4 32. Bg2 Nf5 33. Nf6+ Kg7 34. Nh5+ Kh6 35. Nf4 Ne3 36. b3 Rc3 37.
Re1 a5 38. Rde2 Nxg2 39. Kxg2 Bf5 40. Re5 Rc2+ 41. Kg1 Bd7 42. Rxa5 Rd6 43. Rae5 Bc6 44. R5e2 Rc3 45. Re3 Rc2 46. R3e2 Rc5 47. Re5 Rc3 48. Rh5+ Kg7 49. Rg5+ Kf8 50. Rxg4 Rd2 51. Rh4 Rcc2 52. a4 Rb2 53. a5 Rxb3 54. Rh5 Ra3 55. Rf1 Raa2 56. Re1 Rdb2 57. Rh8+ Kg7 58. Rh5 Bf3 59. Rg5+ Kf6 60. Rc5 Rxh2 61. Nd5+ Kg7 0-1

[Event "*** Titled Tuesday Blitz"]
[Site "Chess.com"]
[Date "2020.01.07"]
[Round "7"]
[White "vlad_Sid"]
[Black "wild_cat99"]
[Result "1/2-1/2"]
[WhiteElo "2581"]
[BlackElo "2419"]
[TimeControl "180+2"]
[EndTime "14:38:23 PST"]
[Termination "Game drawn - insufficient material"]

1. c4 Nf6 2. g3 g6 3. Bg2 d5 4. cxd5 Nxd5 5. Nc3 Nxc3 6. bxc3 Bg7 7. Rb1 c6 8. h4 h5 9. Nf3 Qc7 10. Qc2 c5 11.
O-O c4 12. d3 Be6 13. Nd4 Bc8 14. Nb5 Qa5 15. Bf4 cxd3 16. Qxd3 Na6 17. Qe3 O-O 18.
Qxe7 Bf5 19. e4 Be6 20. Nd6 b6 21. e5 Rab8 22. Qxa7 Nc5 23. Qxa5 bxa5 24. a3 Nd3 25. Nb7 Nxe5 26. Nxa5 Rxb1 27. Rxb1 Rc8 28. Bxe5 Bxe5 29.
Nc6 Bf6 30. a4 Bd7 31. Rb6 Bxc6 32. Bxc6 Bxc3 33. Bd5 Kf8 34. Rb7 f5 35. Rf7+ Ke8 36. Kg2 Bd4 37. Kf3 Rc2 38. Kf4 Bxf2 39. Rg7 Rc5 40.
Be6 Rc3 41. Rxg6 Ra3 42. Bxf5 Rxa4+ 43. Kg5 Bxg3 44. Kxh5 Rxh4+ 45. Kg5 Ra4 46. Kh6 Bh4 47. Kh5 Kf7 48. Rg1 Kf6 49. Bg6 Bf2 50. Rg4 Ra5+ 51. Kh6 Be3+ 52. Kh7 Ra7+ 53. Kg8 Rg7+ 54. Kf8 Bc5+ 55.
Ke8 Bd6 56. Bh5 Re7+ 57. Kd8 Ra7 58. Rg6+ Ke5 59. Rg5+ Ke6 60. Rg6+ Kd5 61. Bf3+ Kc5 62. Rg5+ Kb6 63. Rg6 Kc5 64. Kc8 Rc7+ 65. Kd8 Rf7 66.
Rg5+ Kb6 67. Rg6 Rxf3 68. Rxd6+ Kc5 69. Kc7 Rf7+ 70. Rd7 Rxd7+ 71. Kxd7 1/2-1/2

[Event "*** Titled Tuesday Blitz"]
[Site "Chess.com"]
[Date "2020.01.07"]
[Round "7"]
[White "Orest_Vovk"]
[Black "BjarkeSahl"]
[Result "0-1"]
[WhiteElo "2423"]
[BlackElo "2240"]
[TimeControl "180+2"]
[EndTime "14:38:26 PST"]
[Termination "BjarkeSahl won by resignation"]

1. g4 d5 2. Bg2 c6 3. h3 e5 4. d4 e4 5. c4 Nf6 6. Nc3 Be6 7. Qb3 Qb6 8. c5 Qc7 9. Bf4 Qc8 10. e3 Nbd7 11.
Nge2 Bxc5 12. dxc5 Nxc5 13. Qa3 Nd3+ 14. Kf1 b5 15. Qd6 Nxb2 16. g5 Nc4 17. Qc5 Nd7 18. Qd4 O-O 19. Nxe4 dxe4 20. Bxe4 Ndb6 21. Kg2 Rd8 22. Qc3 Bd5 23. Bxd5 Nxd5 24. Qc2 Qe6 25.
Rhd1 Rd7 26. Rd4 Rad8 27. Rad1 f6 28. g6 hxg6 29. Qxg6 Qf7 30. Qg4 Ndb6 31. Rxd7 Rxd7 32. Rxd7 Qxd7 33. Qg6 Nd5 34. Ng3 Nxf4+ 35. exf4 Qf7 36. Qg4 Nd6 37. f5 Qd5+ 38. Kh2 Qe5 39. Qg6 Nf7 40. Qg4 Ng5 41. h4 Nf7 42. f4 Qb2+ 43. Kh3 Nh6 44. Qg6 Qxa2 45. Nh5 Qf7 46. Qxf7+ Kxf7 47. Ng3 a5 48.
Ne4 Nxf5 49. Kg4 g6 50. h5 Nh6+ 51. Kh4 gxh5 52. Kxh5 Nf5 53. Kg4 Ne7 54. Kf3 Ke6 55.
Ke3 f5 56. Ng5+ Kd5 57. Nf3 a4 58. Kd3 b4 59. Ne5 c5 60. Nc4 Nc6 61. Nb6+ Ke6 62. Nxa4 Kd6 63. Kc4 Na5+ 64. Kb5 Nb7 65. Kb6 c4 66.
Kb5 c3 67. Nb6 c2 68. Nc4+ Ke6 0-1

[Event "*** Titled Tuesday Blitz"]
[Site "Chess.com"]
[Date "2020.01.07"]
[Round "7"]
[White "karwowskikacper"]
[Black "IgorBjelobrk"]
[Result "1-0"]
[WhiteElo "2440"]
[BlackElo "2615"]
[TimeControl "180+2"]
[EndTime "14:38:38 PST"]
[Termination "karwowskikacper won by checkmate"]

1. e4 e5 2. Nf3 Nc6 3. Bb5 Nf6 4.
O-O Nxe4 5. Re1 Nd6 6. Nxe5 Be7 7.
Bf1 Nxe5 8. Rxe5 O-O 9. d4 Bf6 10. Re1 Ne8 11. c3 d5 12. Nd2 g6 13. h3 Ng7 14.
Nf3 c6 15. Bd3 Bf5 16. Bh6 Bxd3 17. Qxd3 Re8 18. Bxg7 Kxg7 19. Rxe8 Qxe8 20. Re1 Qd8 21. Re2 a5 22. Ne5 a4 23. a3 h5 24. Qd1 Qd6 25.
Nd3 b5 26. Qe1 Ra7 27. Re8 Rc7 28. Qe2 Qd7 29. Re3 Qf5 30. Qf3 Qd7 31. Qe2 Qd6 32. Re8 h4 33. f4 Qd7 34. Re3 Qf5 35. Qg4 Qd7 36. Qxd7 Rxd7 37. Kf2 Rc7 38. Kf3 Be7 39. Ne5 f5 40. Nxc6 Bd6 41. Nd8 Rd7 42. Ne6+ Kf6 43.
Ng5 Kg7 44. Re6 Be7 45. Rb6 Bxg5 46. fxg5 Re7 47. Rxb5 Re1 48. Rxd5 Rf1+ 49. Ke2 Rb1 50. Rb5 Rg1 51. Kf2 Rb1 52. d5 Kf7 53. Rb7+ Ke8 54. c4 Rc1 55. Rb4 Kd7 56. Kf3 Rc2 57. Rxa4 Rxb2 58. Ra7+ Kd8 59. c5 Rd2 60. d6 Rd5 61. Rc7 Rd3+ 62. Kf4 Rxa3 63. Ke5 Rg3 64. Rg7 Re3+ 65.
Kf6 Rc3 66. Ke6 Re3+ 67. Kd5 Rd3+ 68. Kc6 Ke8 69. Rxg6 Rd2 70. d7+ Ke7 71. Rd6 Rxd6+ 72. cxd6+ Kd8 73. g6 f4 74. g7 f3 75. g8=R# 1-0

[Event "*** Titled Tuesday Blitz"]
[Site "Chess.com"]
[Date "2020.01.07"]
[Round "7"]
[White "Alex_Molchanov"]
[Black "Kosche007"]
[Result "1/2-1/2"]
[WhiteElo "2562"]
[BlackElo "2376"]
[TimeControl "180+2"]
[EndTime "14:38:48 PST"]
[Termination "Game drawn by repetition"]

1. d4 Nf6 2. Nf3 g6 3. g3 Bg7 4. Bg2 O-O 5. O-O d6 6. c4 Nc6 7. Nc3 e5 8. dxe5 Nxe5 9. b3 Nxf3+ 10. Bxf3 Ne4 11. Nxe4 Bxa1 12. Bg5 f6 13. Qd5+ Kg7 14. Rxa1 fxg5 15. Nxg5 Rf5 16. Ne6+ Bxe6 17. Qxe6 Rb8 18. Rd1 Re5 19. Qg4 Qe7 20. Qd4 a6 21. Bxb7 c5 22. Qc3 Qf6 23. Bf3 Rd8 24. Qa5 Rde8 25. Qxa6 Rxe2 26. Bxe2 Rxe2 27. Rf1 h5 28. h4 Qe5 29. Qb7+ Kh6 30. a4 g5 31. hxg5+ Qxg5 32. Qf3 Qe5 33. Qf4+ Qxf4 34. gxf4 Rb2 35. Ra1 Rxb3 36. a5 Rb7 37. a6 Ra7 38. Kg2 Kg6 39. Kf3 Kf5 40. Ra3 h4 41. Ra1 h3 42. Kg3 h2 43. Kxh2 Kxf4 44. Kg2 Ke4 45. Ra4 d5 46. f3+ Kd4 47. cxd5+ Kxd5 48. Kf2 Kc6 49. Ke3 Kb5 50. Ra1 Rxa6 51. Rd1 Re6+ 52. Kf4 c4 53. Kf5 Re2 54. f4 c3 55. Kg6 c2 56. Rc1 Kc4 57. f5 Kd5 58. f6 Ke6 59. Rg1 Rg2+ 60. Rxg2 c1=Q 61. Re2+ Kd7 62.
Re7+ Kd8 63. Kf7 Qc4+ 64. Kf8 Qc5 65. Kf7 Qd5+ 66. Kf8 Qd6 67. Kf7 Qd5+ 68. Kf8 Qg5 69. Re8+ Kd7 70. Re7+ Kd6 71. Kf7 Qh5+ 72. Kg7 Qg5+ 73.
Kf7 Qh5+ 74. Kg7 Qg5+ 75. Kf7 1/2-1/2

[Event "*** Titled Tuesday Blitz"]
[Site "Chess.com"]
[Date "2020.01.07"]
[Round "7"]
[White "Zubrrr"]
[Black "vovachesss"]
[Result "1-0"]
[WhiteElo "2749"]
[BlackElo "2573"]
[TimeControl "180+2"]
[EndTime "14:38:50 PST"]
[Termination "Zubrrr won by resignation"]

1. d4 Nf6 2. c4 c5 3. dxc5 e6 4.
Nf3 Bxc5 5. e3 O-O 6. a3 b6 7. b4 Be7 8. Bb2 Bb7 9. Nbd2 d5 10.
Qc2 Nc6 11. Bd3 Rc8 12. Rd1 h6 13. Qb1 Qc7 14. O-O Rfd8 15. cxd5 Nxd5 16. Ne4 Bf8 17. Rd2 Qe7 18. Rfd1 Nb8 19. Ng3 Nd7 20. Ne5 N7f6 21.
Bd4 Rc7 22. Ne2 Rdc8 23. e4 Nc3 24. Bxc3 Rxc3 25. Nxc3 Rxc3 26. Qb2 Qc7 27. Rc2 Rxc2 28. Bxc2 Bd6 29. Nf3 Nxe4 30. Bxe4 Bxe4 31. Qd4 Bd5 32. h3 Qc2 33. Qd3 Qb2 34. Nd4 Be5 35. Ne2 g6 36. Rb1 Qa2 37. Nc1 Qc4 38. Qxc4 Bxc4 39. Nb3 Kg7 40. g3 Bd5 41. Nd2 Bc3 42. Nf1 Be4 43. Rb3 Bf6 44. Ne3 Bd4 45. a4 Kf6 46.
Kf1 h5 47. Ke2 Ke5 48. h4 Kd6 49. Nc4+ Kd5 50. Nd2 Bc2 51. Ra3 e5 52. Ra2 Bf5 53. f3 Be6 54. Rc2 Bd7 55. b5 Kd6 56. Ne4+ Ke6 57. Rc7 f6 58. Rxa7 Be8 59. Kd3 Bd7 60. Nxf6 Bxb5+ 61. axb5 Kxf6 62. Ke4 Bf2 63. Rb7 Ke6 64.
g4 hxg4 65. fxg4 Kf6 66. g5+ Ke6 67. Rh7 Kd6 68. h5 gxh5 69. Rxh5 Ke6 70. Rh6+ Kf7 71. Rf6+ 1-0